 Dungeon Crawl Stone Soup version 0.27.0-1-g7a089689b8 (webtiles) character file.

Game seed: 1696662270502643835

75 Gnirx the Skirmisher (level 4, 0/61 HPs)
             Began as a Minotaur Berserker on Aug 13, 2021.
             Was a Believer of Trog.
             Succumbed to Crazy Yiuf's poison
             ... on level 4 of the Dungeon.
             The game lasted 00:03:05 (3234 turns).

Gnirx the Skirmisher (Minotaur Berserker)           Turns: 3234, Time: 00:03:05

Health: 0/61       AC:  6    Str: 22    XL:     4   Next: 11%
Magic:  3/3        EV: 10    Int: 10    God:    Trog [**....]
Gold:   150        SH:  5    Dex: 10    Spells: 3/3 levels left

rFire    . . .     SeeInvis .   a - +0 mace
rCold    . . .     Faith    .   (no shield)
rNeg     . . .     Spirit   .   p - +0 scale mail
rPois    .         Reflect  +   (helmet restricted)
rElec    .         Harm     .   (no cloak)
rCorr    .         Rampage  .   (no gloves)
Will     .....                  (no boots)
Stlth    ..........             f - amulet of reflection
HPRegen  0.20/turn              e - +6 ring of intelligence
MPRegen  0.08/turn              (no ring)

@: berserking, lethally poisoned (0 -> -21), very quick
A: horns 2, retaliatory headbutt
a: Renounce Religion, Berserk, Trog's Hand


You were on level 4 of the Dungeon.
You worshipped Trog.
Trog was pleased with you.
You visited 1 branch of the dungeon, and saw 4 of its levels.

You collected 150 gold pieces.

Inventory:

Hand Weapons
 a - a +0 mace (weapon)
Missiles
 h - 82 stones (quivered)
Armour
 b - a +0 animal skin
 p - a +0 scale mail (worn)
Jewellery
 e - a +6 ring of intelligence (left hand)
 f - an amulet of reflection (around neck)
 o - a +6 ring of strength
 q - a +6 ring of intelligence
Scrolls
 g - a scroll of holy word {unknown}
 i - 2 scrolls of identify {unknown}
 j - a scroll of fear {unknown}
 m - a scroll of magic mapping {unknown}
Potions
 c - a potion of cancellation {unknown}
 d - 4 potions of degeneration {unknown}
 k - a potion of curing {unknown}
 l - a potion of magic {unknown}
 n - a potion of heal wounds {unknown}


   Skills:
 * Level 4.7 Fighting
 + Level 4.2 Maces & Flails
 + Level 3.2 Armour
 + Level 2.9 Dodging


You had 3 spell levels left.
You didn't know any spells.
Your spell library was empty.

Dungeon Overview and Level Annotations

Branches:
Dungeon (4/15)
 Temple: D:4-7

Altars:

Annotations:
D:2 Sigmund


Innate Abilities, Weirdness & Mutations

You have a pair of horns on your head.
You reflexively headbutt those who attack you in melee.


Message History

a +0 club; a goblin corpse You start waiting.
Done waiting.
Found a stone staircase leading up.
You see here a +0 ring mail.
Found three maces.
Found a glowing mace.
Found a runed translucent door.
Crazy Yiuf shouts!
You open the door. You hit Crazy Yiuf but do no damage.
You block Crazy Yiuf's attack.
You closely miss Crazy Yiuf.
Crazy Yiuf hits you with a +2 quarterstaff of chaos!
You are poisoned.
You closely miss Crazy Yiuf.
You feel very sick. You block Crazy Yiuf's attack.
Crazy Yiuf hits you with a +2 quarterstaff of chaos!
You are more poisoned.
You barely miss Crazy Yiuf. You headbutt Crazy Yiuf.
Crazy Yiuf is lightly wounded.
You feel very sick. Crazy Yiuf barely misses you.
A red film seems to cover your vision as you go berserk!
You feel yourself moving faster!
You feel mighty!
You feel very sick.
Crazy Yiuf hits you with a +2 quarterstaff of chaos!
* * * LOW HITPOINT WARNING * * *
Crazy Yiuf burns you.
* * * LOW HITPOINT WARNING * * *
You closely miss Crazy Yiuf. You headbutt Crazy Yiuf!
Crazy Yiuf is heavily wounded.
* * * LOW HITPOINT WARNING * * *
You feel sick.
Crazy Yiuf hits you with a +2 quarterstaff of chaos.
* * * LOW HITPOINT WARNING * * *
You are more poisoned.
You hit Crazy Yiuf. You headbutt Crazy Yiuf.
You kill Crazy Yiuf!
Trog accepts your kill.
You die...

#....
##...
#....
#####
#.#..
#..)#
##.#..
#...#
#..##. ...
##.###.
#)# #..#
## ♣♣@♣
#.## #
♣.♣♣ ##.#
♣♣.♣ #..#
♣.♣♣ #.##
♣♣.♣♣ ##.#
♣..)♣♣
#..#
♣..).♣
##..#
##..##
##...###
#..).#
###......#


There were no monsters in sight!

Vanquished Creatures
  Crazy Yiuf (D:4)
  An adder (D:2)
  2 worms (D:2)
  2 dart slugs
  4 ball pythons (D:1)
  3 endoplasms (D:3)
  2 giant cockroaches
  7 goblins
  8 hobgoblins
  4 jackals (D:1)
  A quokka (D:2)
  3 bats
  5 frilled lizards
  5 kobolds
  2 rats
50 creatures vanquished.

Notes
Turn   | Place    | Note
-------+----------+-------------------------------------------
     0 | D:1      | Gnirx the Minotaur Berserker began the quest for the Orb.
     0 | D:1      | Reached XP level 1. HP: 19/19 MP: 0/0
    73 | D:1      | Found a faded altar of an unknown god.
    93 | D:1      | Reached XP level 2. HP: 18/27 MP: 1/1
  1203 | D:2      | Reached XP level 3. HP: 33/33 MP: 2/2
  2017 | D:2      | Noticed Sigmund
  2343 | D:3      | Reached ** piety under Trog
  2532 | D:3      | Reached XP level 4. HP: 35/41 MP: 3/3
  3223 | D:4      | Found a runed translucent door.
  3224 | D:4      | Noticed Crazy Yiuf
  3234 | D:4      | Killed Crazy Yiuf
  3234 | D:4      | Succumbed to Crazy Yiuf's poison

Illustrated notes

Levels and vault maps discovered:
D:1:      minmay_arrival_doors, layout_basic,
          hellmonk_ecumenical_altar_dog_temple
D:2:      layout_basic, minmay_misc_feat_four_crosses, uniq_sigmund,
          uniq_jessica
D:3:      layout_loops_corners, minmay_goblin_kobold_house
D:4:      layout_cave_pods, kennysheep_mini_moat, minmay_misc_feat_square,
          uniq_edmund, uniq_crazy_yiuf_cottage, uniq_grinder, uniq_natasha,
          uniq_pikel

Skill      XL: |  1  2  3 |
---------------+----------+-----
Fighting       | 4 |  4.7
Maces & Flails | 4 |  4.2
Armour         | 3 |  3.2
Dodging        | |  2.9

Action                   |  1- 3 |  4- 6 || total
-------------------------+-------+-------++-------
Melee: Mace              |    86 |    13 ||    99
       Headbutt          |    18 |     3 ||    21
Invok: Berserk           |       |     1 ||     1
Armor: Animal skin       |    18 |     1 ||    19
       Scale mail        |       |     1 ||     1
Dodge: Dodged            |    64 |     5 ||    69
Block: Other             |    14 |     3 ||    17
